 Dungeon Crawl Stone Soup version 0.17-a0-1508-ge7f3dc3 (webtiles) character file.

7 Gorice the Chiller (level 2, 0/16 HPs)
             Began as a Gargoyle Wanderer on July 10, 2015.
             Slain by a kobold
             ... wielding a +0 short sword
              (3 damage)
             ... on level 1 of the Dungeon.
             The game lasted 00:02:10 (270 turns).

Gorice the Chiller (Gargoyle Wanderer)               Turns: 270, Time: 00:02:10

Health: 0/16       AC:  4    Str: 15    XL:     2   Next: 0%
Magic:  3/6        EV: 11    Int: 13    God:
Gold:   29         SH:  0    Dex:  8    Spells: 1 memorised, 6 levels left

rFire  . . .     SeeInvis .     d - +0 club
rCold  . . .     Clarity  .     c - +0 robe
rNeg   + . .     SustAt   .     (no shield)
rPois  ∞         Gourm    .     (no helmet)
rElec  +         Spirit   .     (no cloak)
rCorr  .         Warding  .     (no gloves)
rMut   .         Stasis   .     (no boots)
MR     .....                    (no amulet)
Stlth  +.........               (no ring)
                                (no ring)

@: not resistant to hostile enchantments, very unstealthy
A: negative energy resistance 1, electricity resistance, unbreathing,
petrification resistance, rot immunity, AC +2
a: no special abilities


You were on level 1 of the Dungeon.
You were not hungry.

You visited 1 branch of the dungeon, and saw 1 of its levels.

You collected 29 gold pieces.

Inventory:

Hand weapons
 d - a +0 club (weapon)
Armour
 c - a +0 robe (worn)
Scrolls
 b - a scroll of teleportation {!r}
 g - a scroll of magic mapping {unknown}
Potions
 f - 3 potions of curing {unknown}
 h - a potion of cure mutation {unknown}
Books
 a - a book of Maledictions
Comestibles
 e - a bread ration {!e}
 i - 2 chunks of flesh


   Skills:
 + Level 1.0 Fighting
 * Level 1.0 Maces & Flails
 - Level 1.1 Stealth
   Level 1.1 Shields
 - Level 3.0 Spellcasting
 - Level 1.7 Hexes
   Level 3.0 Ice Magic


You had 6 spell levels left.
You knew the following spells:

 Your Spells              Type           Power        Failure   Level  Hunger
a - Corona                Hex            #......      12%         1    #......


Dungeon Overview and Level Annotations

Branches:
Dungeon (1/15)

Altars:


Innate Abilities, Weirdness & Mutations

You are resistant to torment.
Your stone body is resilient (AC +2).
You are immune to poison.
You resist negative energy.
You are resistant to electric shocks.
You can survive without breathing.
You are immune to petrification.
You are immune to rotting.


Message History

You hit the giant cockroach.
You kill the giant cockroach!
The jackal bites you but does no damage.
Casting: Corona
Confirm with . or Enter, or press ? or * to list all spells.
Aiming: Corona
Press: ? - help, Shift-Dir - straight line, f - jackal
Aim: a jackal (chance to defeat MR: 58%)
The jackal is outlined in light.
The jackal bites you but does no damage.
You hit the jackal.
The jackal is heavily wounded.
The jackal stops to sniff the ground.
The jackal bites you. The jackal barely misses you.
Damage: 3 (max 3)
You hit the jackal.
The jackal is severely wounded.
The jackal closely misses you. The jackal bites you.
Damage: 1 (max 3)
You hit the jackal but do no damage.
The jackal is severely wounded.
The jackal barely misses you. x2
You hit the jackal.
You kill the jackal!
Your Fighting skill increases to level 1!
Your Maces & Flails skill increases to level 1!
You have reached level 2!
The kobold hits you but does no damage.
Press: ? - help, v - describe, . - travel, g - get item
Here: a kobold, wielding a short sword A giant cockroach corpse.
The floor, spattered with blood.
The kobold throws a stone.
The stone closely misses you.
You see here a stone.
Casting: Corona
Confirm with . or Enter, or press ? or * to list all spells.
Aiming: Corona
Press: ? - help, Shift-Dir - straight line, f - kobold
Aim: a kobold, wielding a short sword (chance to defeat MR: 58%)
The kobold is outlined in light.
You barely miss the kobold. The kobold hits you but does no damage.
You hit the kobold.
The kobold is severely wounded.
The kobold hits you with a short sword.
* * * LOW HITPOINT WARNING * * *
Damage: 4 (max 4)
You closely miss the kobold.
The kobold is severely wounded.
The kobold barely misses you. The kobold hits you with a short sword.
You die...

#......(....##.####.
#..###.#.#..........
#.####..#.....#..##.#####
#.......#.#.###...#......
#######...#.#.....#######
#.###.###... #..........#
##.........# #@#.######
#K#'####### #.....÷...#
#.........# #.........#
#.#.######## #.#.........
#†###########
#####.###........


You could see a kobold.

Vanquished Creatures
  A giant cockroach (D:1)
  A goblin (D:1)
  A hobgoblin (D:1)
  A jackal (D:1)
  A giant newt (D:1)
  A rat (D:1)
6 creatures vanquished.

Notes
Turn   | Place    | Note
--------------------------------------------------------------
     0 | D:1      | Gorice the Gargoyle Wanderer began the quest for the Orb.
     0 | D:1      | Gorice set off with: a book of Maledictions, a scroll of teleportation {!r}, a +0 robe, a +0 club, a bread ration {!e}
     0 | D:1      | Reached XP level 1. HP: 10/10 MP: 4/4
    24 | D:1      | Learned a level 1 spell: Corona
   260 | D:1      | Reached skill level 1 in Fighting
   260 | D:1      | Reached skill level 1 in Maces & Flails
   260 | D:1      | Reached XP level 2. HP: 6/16 MP: 3/6
   269 | D:1      | HP: 3/16 [kobold/short sword (4)]
   270 | D:1      | Slain by a kobold

Vault maps used:
D:1:      dpeg_arrival_more_subterranean_lakeside_camping,
          minmay_misc_feat_roman, corexii_hall_statues_t, minmay_ruptured

Action                   || total
-------------------------++-------
Melee: Club              ||    33
 Cast: Corona            ||     8

Table legend:
 A = Turns spent in this place as a percentage of turns spent in the entire game.
 B = Non-inter-level travel turns spent in this place as a percentage of non-inter-level travel turns spent in the entire game.
 C = Inter-level travel turns spent in this place as a percentage of turns spent in this place.
 D = Turns resting spent in this place as a percentage of non-inter-level travel turns spent in this place.
 E = Turns spent auto-exploring this place as a percentage of non-inter-level travel turns spent in this place.
 F = Non-inter-level travel turns spent in this place divided by the number of levels of this place that you've seen.
                   A       B       C       D       E      F
               +-------+-------+-------+-------+-------+----------------------
         Total | 100.0 | 100.0 |   0.0 |   1.8 |   8.3 | 109.0
       Dungeon | 100.0 | 100.0 |   0.0 |   1.8 |   8.3 | 109.0
               +-------+-------+-------+-------+-------+----------------------

Vault maps used:
D:1:      dpeg_arrival_more_subterranean_lakeside_camping,
          minmay_misc_feat_roman, corexii_hall_statues_t, minmay_ruptured
